[Event "November 21 Early 2023"]
[Site "https://www.chess.com"]
[Date "2023.11.21"]
[Round "6"]
[White "Skvortsov, Andrei"]
[Black "Henriquez Villagra, Cristobal"]
[Result "0-1"]
[Board "21"]
[TimeControl "180+1"]
[WhiteFideId "24108600"]
[BlackFideId "3409350"]
[WhiteElo "2357"]
[BlackElo "2572"]
[WhiteTeam "MNE"]
[BlackTeam "CHI"]
[WhiteClock "0:00:01"]
[BlackClock "0:00:06"]

1. e4 d6 2. d4 Nf6 3. Nc3 e5 4. Nf3 Nbd7 5. Bc4 Be7 6. O-O O-O 7. a4 h6 8. h3 Re8 9. Re1 c6 10. Be3 Bf8 11. dxe5 dxe5 12. Qd2 Qc7 13. Qe2 Nc5 14. Nd2 Ne6 15. Rac1 b6 16. Qf3 a6 17. Qg3 Kh8 18. Nf3 b5 19. axb5 axb5 20. Bxe6 Rxe6 21. Qh4 Kg8 22. Nd2 Be7 23. Qg3 Nh5 24. Qf3 Nf4 25. Bxf4 exf4 26. Nb3 b4 27. Ne2 g5 28. Ned4 Re5 29. Nf5 Bf8 30. g4 c5 31. Red1 Bb7 32. Re1 Rae8 33. Nd2 c4 34. c3 b3 35. Qg2 Qd8 36. f3 Ba6 37. Rcd1 Qb6+ 38. Kh1 Rd8 39. Nf1 Rd3 40. Rxd3 cxd3 41. Nd2 Bc5 42. Ra1 Be3 43. Nf1 Ra5 44. Rxa5 Qxa5 45. N5xe3 fxe3 46. Nxe3 Qa1+ 47. Qg1 Qxb2 48. Nf5 Qxc3 49. Qb6 b2 50. Qd8+ Kh7 51. Qb6 b1=Q+ 52. Qxb1 d2 53. Kg2 Be2 54. Kh2 d1=Q 55. Qb6 Qe5+ 56. Ng3 Bxf3 57. Qxh6+ Kxh6 0-1

[Event "November 21 Early 2023"]
[Site "https://www.chess.com"]
[Date "2023.11.21"]
[Round "6"]
[White "Fier, Alexandr"]
[Black "Ashraf, Artin"]
[Result "0-1"]
[Board "22"]
[TimeControl "180+1"]
[WhiteFideId "2107139"]
[BlackFideId "22514805"]
[WhiteElo "2578"]
[BlackElo "2235"]
[WhiteTeam "BRA"]
[BlackTeam "IRI"]
[WhiteClock "0:01:38"]
[BlackClock "0:00:32"]

1. Nf3 c5 2. g3 d5 3. Bg2 e6 4. O-O Nf6 5. c4 dxc4 6. Na3 b6 7. Nxc4 Bb7 8. b3 Nbd7 9. Bb2 Be7 10. Rc1 O-O 11. Rc2 Rc8 12. Qa1 Rc7 13. d3 Qa8 14. e4 Rd8 15. h3 Bf8 16. g4 Ne8 17. Rd1 Nb8 18. g5 Nc6 19. h4 Rcd7 20. Rcd2 Qb8 21. Nce5 Nxe5 22. Bxe5 Bd6 23. h5 Bxe5 24. Nxe5 Rd4 25. Nf3 R4d7 26. h6 gxh6 27. gxh6 Qf4 28. Ne5 Rd4 29. Nf3 R4d6 30. a3 Qxh6 31. b4 Bxe4 32. bxc5 bxc5 33. dxe4 Rxd2 34. Nxd2 Rxd2 35. Rxd2 Qxd2 36. Qe5 Qd1+ 37. Bf1 Qd6 38. Qg5+ Kf8 39. Bb5 e5 40. Kf1 Nf6 41. Qf5 Qd1+ 42. Kg2 Qg4+ 43. Qxg4 Nxg4 44. Kf3 Nf6 45. Bc4 Ne8 46. Ke3 Nd6 47. Bd5 Kg7 48. Kf3 Kg6 49. Kg4 h5+ 50. Kh4 Kh6 0-1

[Event "November 21 Early 2023"]
[Site "https://www.chess.com"]
[Date "2023.11.21"]
[Round "6"]
[White "Ter-Sahakyan, Samvel"]
[Black "Hulka, Valentyn"]
[Result "1-0"]
[Board "23"]
[TimeControl "180+1"]
[WhiteFideId "13302531"]
[BlackFideId "34107061"]
[WhiteElo "2556"]
[BlackElo "2163"]
[WhiteTeam "ARM"]
[BlackTeam "UKR"]
[WhiteClock "0:00:05"]
[BlackClock "0:00:05"]

1. d4 Nf6 2. c4 e6 3. Nf3 d5 4. g3 Bb4+ 5. Nbd2 O-O 6. Bg2 a5 7. O-O a4 8. a3 Bd6 9. Qc2 Nc6 10. e4 dxe4 11. Nxe4 Nxe4 12. Qxe4 Na5 13. Ng5 f5 14. Qe2 Qf6 15. Nf3 h6 16. c5 Be7 17. Bf4 Bd7 18. Bxc7 Nb3 19. Rad1 Bc6 20. Be5 Qf7 21. Nd2 Bxg2 22. Kxg2 Nxd2 23. Rxd2 Rfd8 24. Qb5 Bg5 25. Re2 Rd5 26. h4 Bd8 27. Rfe1 Ra6 28. Rc1 Qd7 29. Qxd7 Rxd7 30. Rc4 Kf7 31. h5 Bf6 32. f4 Bxe5 33. Rxe5 Kf6 34. Kf3 Ra8 35. Ke3 Ra6 36. Rb4 g5 37. hxg6 Kxg6 38. Kf3 Kf6 39. Re3 Rg7 40. Rc3 Rd7 41. Rcc4 Ra8 42. Rxa4 Rg8 43. Rc3 h5 44. Kf2 Rdg7 45. Rf3 h4 46. gxh4 Rg2+ 47. Ke3 Rxb2 48. Rb4 Ra2 49. Rb3 Rgg2 50. Kd3 Rac2 51. Rc3 Rcd2+ 52. Kc4 Rg4 53. Rb3 Rc2+ 54. Kb5 Rxh4 55. Kb6 Rh7 56. Rb4 Rd2 57. a4 Rd1 58. a5 Ra1 59. Rd3 Rd7 60. Rh3 Kg6 61. Rh8 Rd1 62. Re8 Kf6 63. Rc8 R1xd4 64. Rxd4 Rxd4 65. Kxb7 Rb4+ 66. Kc6 Rxf4 67. a6 Ra4 68. Kb5 e5 69. Kxa4 1-0

[Event "November 21 Early 2023"]
[Site "https://www.chess.com"]
[Date "2023.11.21"]
[Round "6"]
[White "Shimanov, Aleksandr"]
[Black "Borsuk, Konstantin"]
[Result "1-0"]
[Board "24"]
[TimeControl "180+1"]
[WhiteFideId "4198603"]
[BlackFideId "14113406"]
[WhiteElo "2611"]
[BlackElo "2410"]
[WhiteTeam "RUS"]
[BlackTeam "UKR"]
[WhiteClock "0:00:23"]
[BlackClock "0:00:00"]

1. d4 Nf6 2. c4 e6 3. Bf4 Bb4+ 4. Nd2 a5 5. a3 Bxd2+ 6. Qxd2 a4 7. e3 b6 8. Ne2 Ne4 9. Qc2 Bb7 10. f3 Nf6 11. Bg5 h6 12. Bh4 d6 13. Nc3 Qd7 14. Be2 Ra5 15. O-O-O Qe7 16. Nxa4 Nbd7 17. Nc3 O-O 18. g4 Rfa8 19. Rhg1 g5 20. Bg3 e5 21. d5 e4 22. f4 Bc8 23. h4 Nc5 24. fxg5 hxg5 25. hxg5 Nxg4 26. Bxd6 cxd6 27. Bxg4 Qe5 28. Be2 Rxa3 29. bxa3 Rxa3 30. Rd4 Nb3+ 31. Kb2 Nxd4 32. exd4 Qxd4 33. Kxa3 Qxg1 34. Nxe4 Kf8 35. Bd3 Bf5 36. Nc3 Qc5+ 37. Kb3 Bd7 38. Qh2 Qd4 39. Qxd6+ Kg7 40. Qh6+ Kg8 41. Bh7+ Kh8 42. Bg6+ Kg8 43. Qh7+ 1-0

[Event "November 21 Early 2023"]
[Site "https://www.chess.com"]
[Date "2023.11.21"]
[Round "6"]
[White "Nagy, Gabor"]
[Black "Puranik, Abhimanyu"]
[Result "0-1"]
[Board "25"]
[TimeControl "180+1"]
[WhiteFideId "737119"]
[BlackFideId "5061245"]
[WhiteElo "2505"]
[BlackElo "2493"]
[WhiteTeam "HUN"]
[BlackTeam "IND"]
[WhiteClock "0:00:06"]
[BlackClock "0:00:13"]

1. e4 e6 2. d4 d5 3. Bd3 dxe4 4. Bxe4 Nf6 5. Bf3 Be7 6. Ne2 c5 7. Nbc3 O-O 8. O-O a6 9. Bf4 Nc6 10. dxc5 Bxc5 11. Bg5 h6 12. Bh4 Ne5 13. Be4 Be7 14. Bg3 Nc4 15. b3 Nd2 16. Bd3 Nxf1 17. Qxf1 b5 18. a4 b4 19. Ne4 Bb7 20. Nxf6+ Bxf6 21. Rd1 Qb6 22. Nf4 Rfd8 23. Nh5 Bc3 24. h3 e5 25. Qe2 e4 26. Bc4 Rxd1+ 27. Qxd1 Rd8 28. Qg4 e3 29. fxe3 Qxe3+ 30. Bf2 Qg5 31. Qxg5 hxg5 32. Bd3 g6 33. Ng3 f5 34. Ne2 Bd2 35. Bb6 Re8 36. Kf1 Kg7 37. Bd4+ Kh6 38. a5 f4 39. Ng1 Be3 40. Bf6 Be4 41. Bxa6 Ra8 42. Bc4 Rxa5 43. Nf3 Bxf3 44. gxf3 Bd2 45. Ke2 Bc3 46. Bxc3 bxc3 47. b4 Ra4 48. Kd3 Rxb4 49. Kxc3 Rb1 50. Kd4 Kh5 51. Be6 Kh4 52. Bg4 Rd1+ 53. Ke5 Rc1 54. Kf6 Rxc2 55. Kxg6 Rh2 56. Kf5 Rxh3 57. Bxh3 Kxh3 58. Kxg5 Kg3 0-1

[Event "November 21 Early 2023"]
[Site "https://www.chess.com"]
[Date "2023.11.21"]
[Round "6"]
[White "Begmuratov, Alisher"]
[Black "Baskakov, Egor"]
[Result "1/2-1/2"]
[Board "26"]
[TimeControl "180+1"]
[WhiteFideId "14203367"]
[BlackFideId "24197866"]
[WhiteElo "2387"]
[BlackElo "2225"]
[WhiteTeam "UZB"]
[BlackTeam "RUS"]
[WhiteClock "0:00:13"]
[BlackClock "0:00:17"]

1. e4 c5 2. Nf3 Nf6 3. e5 Nd5 4. Nc3 e6 5. Nxd5 exd5 6. d4 Nc6 7. c3 d6 8. Bb5 Be7 9. exd6 Bxd6 10. Qe2+ Be6 11. O-O O-O 12. dxc5 Bxc5 13. Bd3 h6 14. h3 Re8 15. Qc2 Qf6 16. Nh2 Rac8 17. Qa4 d4 18. cxd4 Nxd4 19. Be3 Bd5 20. Ng4 Nf3+ 21. Kh1 Qd6 22. Bxc5 Qxc5 23. gxf3 Bxf3+ 24. Kg1 h5 25. Rac1 Qg5 26. Rxc8 Rxc8 27. Qd7 Rd8 28. Qf5 Qxf5 29. Bxf5 hxg4 30. Bxg4 Bc6 31. Rd1 Re8 32. Bd7 Rd8 33. Bg4 Rb8 34. f4 g6 35. Kf2 Kg7 36. Bf3 Rc8 37. Rc1 Rd8 38. Bxc6 bxc6 39. Rxc6 Rd2+ 40. Ke3 Rxb2 41. Ra6 Rh2 42. Rxa7 Rxh3+ 43. Ke2 Kf6 44. a4 Ra3 45. a5 Ke6 46. a6 f6 47. Rg7 Kf5 48. a7 Kxf4 49. Rxg6 Rxa7 50. Rxf6+ Kg5 51. Rf3 Re7+ 52. Re3 Rxe3+ 53. Kxe3 1/2-1/2

[Event "November 21 Early 2023"]
[Site "https://www.chess.com"]
[Date "2023.11.21"]
[Round "6"]
[White "Rustemov, Alexander"]
[Black "Orujov2008"]
[Result "1-0"]
[Board "27"]
[TimeControl "180+1"]
[WhiteFideId "4119002"]
[WhiteElo "2889"]
[BlackElo "2742"]
[WhiteTeam "RUS"]
[WhiteClock "0:00:31"]
[BlackClock "0:00:00"]

1. d4 d5 2. c4 c6 3. cxd5 cxd5 4. Bf4 Nf6 5. e3 Nc6 6. Nc3 Bf5 7. Bb5 e6 8. Nf3 Nd7 9. O-O Be7 10. Rc1 Rc8 11. Bxc6 bxc6 12. Na4 g5 13. Bg3 h5 14. h3 g4 15. hxg4 hxg4 16. Ne5 Nxe5 17. Bxe5 f6 18. Bg3 Kf7 19. Re1 Bd6 20. Nc5 Qf8 21. Kf1 Bxg3 22. fxg3 Qd6 23. Kf2 Rh2 24. Rh1 Rch8 25. Rxh2 Rxh2 26. Qb3 Qc7 27. Qb7 Qxb7 28. Nxb7 Be4 29. Rg1 Ke7 30. Nc5 f5 31. b4 Kd6 32. a4 Rh8 33. Nb7+ Kc7 34. Na5 Kd7 35. Rc1 Rh2 36. Rg1 Kc7 37. b5 cxb5 38. axb5 Kb6 39. Nc6 Kxb5 40. Nxa7+ Kb6 41. Nc8+ Kc7 42. Ne7 Kd6 43. Ng6 Rh7 44. Nf4 Rb7 45. Re1 Rb2+ 46. Re2 Rxe2+ 47. Kxe2 Ke7 48. Kd2 Kd6 49. Kc3 Kd7 50. Kb4 Kd6 51. Ng6 Bxg2 52. Ne5 Be4 53. Kb5 Bf3 54. Kb6 Be4 55. Kb7 Ke7 56. Kc7 Bf3 57. Nc6+ Kf6 58. Kd6 Bd1 59. Ne5 Ba4 60. Nd3 Bb5 61. Nf4 Ba4 62. Nxe6 Bb3 63. Nf4 Ba2 64. Nxd5+ 1-0

[Event "November 21 Early 2023"]
[Site "https://www.chess.com"]
[Date "2023.11.21"]
[Round "6"]
[White "Sjugirov, Sanan"]
[Black "Priasmoro, Novendra"]
[Result "1-0"]
[Board "28"]
[TimeControl "180+1"]
[WhiteFideId "4189302"]
[BlackFideId "7105029"]
[WhiteElo "2569"]
[BlackElo "2412"]
[WhiteTeam "HUN"]
[BlackTeam "INA"]
[WhiteClock "0:00:04"]
[BlackClock "0:00:00"]

1. d4 Nf6 2. c4 e6 3. Nf3 d5 4. Nc3 c5 5. e3 cxd4 6. exd4 Nc6 7. cxd5 Nxd5 8. Bd3 Be7 9. O-O O-O 10. Qe2 b6 11. Rd1 Bb7 12. a3 Rc8 13. Ne4 Na5 14. Neg5 g6 15. Be3 Nxe3 16. Qxe3 Bf6 17. Ne4 Bg7 18. h4 Nb3 19. Ba6 Bxa6 20. Qxb3 Bb7 21. Qe3 Rc2 22. Rab1 Rc4 23. h5 Qd5 24. Ng3 Rd8 25. h6 Bf6 26. Qf4 Bxd4 27. Rxd4 Rxd4 28. Qf6 Kf8 29. Nf1 Rg4 30. Ne3 Qd3 31. Rd1 Qxd1+ 32. Nxd1 Rxd1+ 33. Kh2 Bxf3 34. Qxf3 Rh4+ 35. Kg3 Rdd4 36. Qa8+ Ke7 37. Qxa7+ Kf6 38. Qxb6 Rhg4+ 39. Kf3 Rgf4+ 40. Kg3 Rg4+ 41. Kf3 Rgf4+ 42. Ke3 Rfe4+ 43. Kf3 Kf5 44. Qc5+ Rd5 45. Qc2 Rd4 46. b4 Ke5 47. Qc5+ Rd5 48. Qc7+ Kd4 49. Qa7+ Ke5 50. Qc7+ Kd4 51. Qa7+ Ke5 52. g3 Rd3+ 53. Kg2 Rd2 54. Qxf7 Ree2 55. Qf4+ Kd5 56. b5 1-0

[Event "November 21 Early 2023"]
[Site "https://www.chess.com"]
[Date "2023.11.21"]
[Round "6"]
[White "Tristan, Leonardo"]
[Black "Kamsky, Gata"]
[Result "0-1"]
[Board "29"]
[TimeControl "180+1"]
[WhiteFideId "113816"]
[BlackFideId "2000024"]
[WhiteElo "2483"]
[BlackElo "2660"]
[WhiteTeam "ARG"]
[BlackTeam "USA"]
[WhiteClock "0:00:27"]
[BlackClock "0:01:18"]

1. d4 Nf6 2. Nf3 d5 3. Bf4 e6 4. e3 Bd6 5. Nbd2 Bxf4 6. exf4 O-O 7. c3 b6 8. h4 Ba6 9. Bxa6 Nxa6 10. h5 c5 11. h6 g6 12. Qe2 Nc7 13. Ne5 Nce8 14. O-O Nd6 15. Rfc1 Rc8 16. Ndf3 Nfe4 17. g4 f6 18. Nd3 c4 19. Nde1 g5 20. fxg5 fxg5 21. Ne5 Rxf2 22. Qe3 Qf6 23. Ng2 Qxh6 24. Rf1 Rcf8 25. Rxf2 Nxf2 26. Nf3 Nde4 27. Rf1 Qh1# 0-1

[Event "November 21 Early 2023"]
[Site "https://www.chess.com"]
[Date "2023.11.21"]
[Round "6"]
[White "Taher, Yoseph Theolifus"]
[Black "Matinian, Nikita"]
[Result "1-0"]
[Board "30"]
[TimeControl "180+1"]
[WhiteFideId "7105347"]
[BlackFideId "24129100"]
[WhiteElo "2352"]
[BlackElo "2417"]
[WhiteTeam "INA"]
[BlackTeam "FID"]
[WhiteClock "0:00:23"]
[BlackClock "0:00:03"]

1. d4 Nf6 2. Nc3 d5 3. Bf4 g6 4. e3 Bg7 5. h4 h5 6. Nf3 O-O 7. Ne5 c5 8. Qd2 Nc6 9. Bb5 cxd4 10. exd4 Bd7 11. Bxc6 Bxc6 12. f3 Rc8 13. Bh6 b5 14. Bxg7 Kxg7 15. O-O-O b4 16. Ne2 Ba4 17. b3 Bd7 18. Qxb4 Bf5 19. Rd2 Qc7 20. c3 a5 21. Qa3 Rfd8 22. Kd1 Rd6 23. Ke1 Nd7 24. Nxd7 Bxd7 25. Kf2 Bb5 26. Rc1 Rc6 27. Qb2 Bxe2 28. Rxe2 Qh2 29. Qd2 Qxh4+ 30. Kg1 e6 31. Qd3 Qf4 32. Qe3 Qc7 33. Rec2 f6 34. c4 dxc4 35. bxc4 Qd6 36. c5 Qd5 37. Rd2 R8c7 38. Rb1 Rd7 39. Rbd1 h4 40. Qa3 h3 41. gxh3 Qf5 42. Qe3 g5 43. Kg2 Rd5 44. Qe4 Kg6 45. Rc1 a4 46. a3 Kg7 47. Rc4 Kg6 48. Kf2 Rc7 49. Qxf5+ Kxf5 50. Ke3 Rh7 51. c6 Rc7 52. Rdc2 Ra5 53. Rc5+ Rxc5 54. Rxc5+ Kg6 55. Ke4 Kf7 56. d5 Ke7 57. dxe6 Kxe6 58. f4 gxf4 59. Kxf4 Kd6 60. Rc1 Ke6 61. h4 f5 62. h5 Kd6 63. Kxf5 Rf7+ 64. Kg6 Rf8 65. c7 Kd7 66. c8=Q+ 1-0

[Event "November 21 Early 2023"]
[Site "https://www.chess.com"]
[Date "2023.11.21"]
[Round "6"]
[White "Licznerski, Lukasz"]
[Black "Sadykov, Ramil"]
[Result "1-0"]
[Board "31"]
[TimeControl "180+1"]
[WhiteFideId "1179250"]
[BlackFideId "24113590"]
[WhiteElo "2436"]
[BlackElo "2245"]
[WhiteTeam "POL"]
[BlackTeam "FID"]
[WhiteClock "0:00:23"]
[BlackClock "0:00:00"]

1. e4 e5 2. Nf3 Nf6 3. Nxe5 d6 4. Nf3 Nxe4 5. c4 g6 6. d4 Bg7 7. Bd3 Nf6 8. O-O O-O 9. h3 d5 10. Nc3 dxc4 11. Bxc4 Nbd7 12. Bg5 Nb6 13. Bb3 Be6 14. Bxe6 fxe6 15. Qb3 Nbd5 16. Rfe1 Qd6 17. Bxf6 Bxf6 18. Ne4 Qb6 19. Nc5 Rfe8 20. Rxe6 Qxb3 21. Rxe8+ Rxe8 22. axb3 b6 23. Nd3 a5 24. Kf1 Kf7 25. g3 Ke6 26. Re1+ Kd7 27. Rxe8 Kxe8 28. Ke2 Ke7 29. Nde5 Ke6 30. Kd3 Nb4+ 31. Ke4 Nd5 32. Nd3 Ne7 33. Nfe5 Nf5 34. Nf4+ Kd6 35. Ne2 Ne7 36. f4 Ke6 37. g4 Kd6 38. Nc3 c6 39. f5 gxf5+ 40. gxf5 Bg7 41. Nf7+ Kd7 42. Ng5 h6 43. Nh7 Ng8 44. Ne2 Ke7 45. Nf4 Kf7 46. Nh5 Bh8 47. h4 Ne7 48. f6 Nd5 49. Ke5 b5 50. Kd6 a4 51. Kxc6 Nxf6 52. N7xf6 axb3 53. Kxb5 Ke6 54. Kc6 Bxf6 55. d5+ 1-0

[Event "November 21 Early 2023"]
[Site "https://www.chess.com"]
[Date "2023.11.21"]
[Round "6"]
[White "Zakhartsov, Vladimir"]
[Black "Arhan_Anand"]
[Result "1-0"]
[Board "32"]
[TimeControl "180+1"]
[WhiteFideId "4145097"]
[WhiteElo "2448"]
[BlackElo "2660"]
[WhiteTeam "RUS"]
[WhiteClock "0:00:23"]
[BlackClock "0:00:20"]

1. e4 c5 2. Nf3 d6 3. Bb5+ Nd7 4. c3 Nf6 5. Qe2 a6 6. Ba4 b5 7. Bc2 c4 8. b3 Qc7 9. bxc4 bxc4 10. a4 Bb7 11. Na3 Rc8 12. O-O g6 13. Rb1 Ba8 14. Rb4 d5 15. e5 Ng4 16. e6 fxe6 17. Qxe6 Nde5 18. Nxe5 Nxe5 19. d4 Nf7 20. Re1 Qd7 21. Qxa6 Bg7 22. Qe6 Qxe6 23. Rxe6 Nd8 24. Re1 Kf7 25. Nb5 Nc6 26. Rb1 Rb8 27. f4 Rhc8 28. f5 Bb7 29. Bf4 Ba6 30. Bxb8 Rxb8 31. fxg6+ hxg6 32. Nc7 Rxb1 33. Rxb1 Bc8 34. Nxd5 e5 35. dxe5 Bxe5 36. Be4 Na5 37. Rb5 Nc6 1-0

[Event "November 21 Early 2023"]
[Site "https://www.chess.com"]
[Date "2023.11.21"]
[Round "6"]
[White "Yeletsky, Ivan"]
[Black "Al-Tarboush, Ward"]
[Result "0-1"]
[Board "33"]
[TimeControl "180+1"]
[WhiteFideId "24180327"]
[BlackFideId "7601450"]
[WhiteElo "2358"]
[BlackElo "2280"]
[WhiteTeam "RUS"]
[BlackTeam "NOR"]
[WhiteClock "0:00:03"]
[BlackClock "0:00:46"]

1. e4 e6 2. d4 d5 3. Nc3 Nf6 4. e5 Nfd7 5. f4 c5 6. Nf3 Nc6 7. Be3 a6 8. Qd2 b5 9. Nd1 Bb7 10. c3 Be7 11. Bd3 f6 12. O-O f5 13. Nf2 g6 14. a4 c4 15. Be2 b4 16. g4 Qb6 17. b3 Na5 18. bxc4 Nxc4 19. Bxc4 dxc4 20. d5 Qd8 21. dxe6 Bxf3 22. exd7+ Qxd7 23. cxb4 fxg4 24. Qc3 Qe6 25. b5 O-O 26. b6 Bh4 27. Rac1 Rac8 28. Bd4 Bb7 29. Rce1 Qd5 30. Ne4 Bxe1 31. Rxe1 Rxf4 32. e6 Rxe4 33. Rd1 Re1+ 34. Qxe1 Qg2# 0-1

[Event "November 21 Early 2023"]
[Site "https://www.chess.com"]
[Date "2023.11.21"]
[Round "6"]
[White "Hilary46"]
[Black "Rakhmanov, Aleksandr"]
[Result "1-0"]
[Board "34"]
[TimeControl "180+1"]
[BlackFideId "4173708"]
[WhiteElo "2627"]
[BlackElo "2521"]
[BlackTeam "FID"]
[WhiteClock "0:00:05"]
[BlackClock "0:00:00"]

1. e4 c5 2. Nf3 Nf6 3. e5 Nd5 4. Nc3 Nxc3 5. dxc3 Nc6 6. Bc4 e6 7. O-O Qc7 8. Re1 h6 9. Bf4 b6 10. a4 Bb7 11. Qd2 O-O-O 12. Bg3 Be7 13. Qe2 g5 14. Nd2 h5 15. h3 h4 16. Bh2 d5 17. exd6 Bxd6 18. Bxd6 Qxd6 19. Ne4 Qf4 20. Ba6 f5 21. Nxc5 bxc5 22. Qb5 Qc7 23. Rxe6 Nb8 24. Bxb7+ Qxb7 25. Qxc5+ Qc7 26. Qxf5 Rhf8 27. Qxg5 Nd7 28. Qxh4 Kb8 29. Rae1 Nc5 30. Qb4+ Ka8 31. Re7 Qc6 32. Qa5 Nb7 33. Qe5 Rg8 34. Qe4 Qb6 35. b4 a6 36. a5 Qb5 37. Re6 Kb8 38. Rb6 Qd5 39. Rxa6 Qxe4 40. Rxe4 Rd7 41. Rb6 Kc8 42. Rc6+ Kd8 43. a6 Nd6 44. Rd4 Nb5 45. Rxd7+ Kxd7 46. Rc5 Nc7 47. b5 Rb8 48. c4 Ne6 49. Rh5 Kd6 50. a7 Ra8 51. b6 Nc5 52. Rxc5 Kxc5 53. b7 1-0

[Event "November 21 Early 2023"]
[Site "https://www.chess.com"]
[Date "2023.11.21"]
[Round "6"]
[White "Visakh N R"]
[Black "Zomorrodian, Eilia"]
[Result "1-0"]
[Board "35"]
[TimeControl "180+1"]
[WhiteFideId "25012223"]
[BlackFideId "12551805"]
[WhiteElo "2474"]
[BlackElo "2109"]
[WhiteTeam "IND"]
[BlackTeam "CAN"]
[WhiteClock "0:00:13"]
[BlackClock "0:00:15"]

1. e4 c5 2. Nf3 e6 3. c4 a6 4. d4 cxd4 5. Nxd4 Nf6 6. Nc3 Bb4 7. Bd3 Qc7 8. O-O O-O 9. Qe2 Bxc3 10. bxc3 d6 11. f4 Nbd7 12. Kh1 Re8 13. Nf3 e5 14. fxe5 Nxe5 15. Nxe5 Rxe5 16. Bf4 Re8 17. Rae1 Nd7 18. e5 Nxe5 19. c5 Bg4 20. Qe4 f5 21. Qd5+ Qf7 22. Qxf7+ Nxf7 23. cxd6 g5 24. h3 gxf4 25. hxg4 Nxd6 26. Rxe8+ Rxe8 27. Rxf4 fxg4 28. Rxg4+ Kh8 29. Rd4 Rd8 30. Kh2 Nf7 31. Kg3 Rxd4 32. cxd4 Kg7 33. Kf4 h5 34. Kf5 h4 35. d5 Nd6+ 36. Ke6 Nc8 37. d6 Nb6 38. d7 Nxd7 39. Kxd7 Kf6 40. Kc7 b5 41. Kb6 Ke5 42. Kxa6 b4 43. Kb5 Kd4 44. Bf5 Kc3 45. Ka4 Kb2 46. Be6 Kc3 47. Kb5 h3 48. gxh3 Kb2 49. Kxb4 Ka1 50. h4 Kb2 51. h5 Ka1 52. h6 Kb2 53. h7 Ka1 54. a4 Kb1 55. a5 Kc2 56. a6 Kc1 57. a7 Kb1 58. a8=Q Kc2 59. Qg2+ Kd3 60. Bf5+ Kd4 61. h8=Q+ Ke3 62. Qe5# 1-0

[Event "November 21 Early 2023"]
[Site "https://www.chess.com"]
[Date "2023.11.21"]
[Round "6"]
[White "Ibarra Jerez, Jose Carlos"]
[Black "NovozhilovSemen"]
[Result "1/2-1/2"]
[Board "36"]
[TimeControl "180+1"]
[WhiteFideId "2226332"]
[WhiteElo "2634"]
[BlackElo "2748"]
[WhiteTeam "ESP"]
[WhiteClock "0:00:09"]
[BlackClock "0:00:28"]

1. e4 c5 2. Nf3 Nc6 3. Nc3 d6 4. d4 cxd4 5. Nxd4 Nf6 6. Nd5 Nxd5 7. exd5 Qa5+ 8. Bd2 Qxd5 9. Nb5 Qe6+ 10. Be2 Qd7 11. c4 a6 12. Nc3 b6 13. O-O e6 14. Be3 Rb8 15. Qd2 Be7 16. Rad1 O-O 17. f4 f5 18. Rfe1 Rd8 19. Bf3 Bf6 20. Bf2 Qc7 21. Nd5 exd5 22. Qxd5+ Kf8 23. Qxc6 Qxc6 24. Bxc6 Bxb2 25. Rb1 Bc3 26. Rec1 Bd2 27. Rd1 Bxf4 28. Rxb6 Be6 29. Rxa6 Bxc4 30. Ra4 d5 31. Ba7 Rbc8 32. Bb7 Rc7 33. Bb6 Rxb7 34. Bxd8 Be3+ 35. Kh1 Be2 36. Re1 d4 37. Ra8 Kf7 38. Ba5 d3 39. h3 Rb2 40. Rd8 Rxa2 41. Bc3 Rc2 42. Bb4 f4 43. Rd7+ Kf6 44. Ra1 d2 45. Rd6+ Kf5 46. Ra5+ Ke4 47. Re6+ Kd3 48. Bxd2 Rxd2 49. Rd5+ Bd4 50. Rd7 Kc2 51. Rxd4 Rxd4 52. Rxe2+ Kd3 53. Re7 g5 54. Rxh7 Ke3 55. Kh2 Rd2 56. Re7+ Kf2 57. Re5 g4 58. hxg4 Rd8 59. Kh3 Rh8+ 60. Rh5 Rg8 61. g5 f3 62. gxf3 Kxf3 63. Kh4 Kf4 64. Rh6 Rxg5 65. Ra6 Rg4+ 66. Kh3 Rg3+ 67. Kh4 Rg8 68. Rf6+ Ke5 69. Rf1 Ke6 70. Kh5 Rg7 71. Kh6 Rf7 72. Re1+ Kf6 73. Ra1 Rf8 74. Rf1+ Ke7 75. Re1+ Kf7 76. Kh7 Re8 77. Rf1+ Ke7 78. Kg7 Ra8 79. Re1+ Kd6 80. Kf6 Kd5 81. Rd1+ Kc4 82. Ke5 Kc3 83. Ke4 Re8+ 84. Kf3 Rf8+ 85. Kg4 Rg8+ 86. Kf5 Rf8+ 87. Ke5 Re8+ 88. Kf6 Rf8+ 89. Ke7 Rf2 90. Rd6 Rd2 91. Rc6+ Kd3 92. Ke6 Ke3 93. Ke5 Rd8 94. Re6 Kd3 95. Re7 Kc4 96. Rc7+ Kb5 97. Ke6 Kb6 98. Rc1 Rd2 99. Re1 Kc6 100. Re3 Rd5 101. Ra3 Rd1 102. Rc3+ Kb5 103. Rc2 Kb4 104. Ke5 Re1+ 105. Kd4 Rd1+ 106. Ke4 Rd8 107. Rc1 Re8+ 108. Kf5 Rf8+ 109. Ke5 Re8+ 110. Kd6 Rd8+ 111. Kc7 Rd3 112. Re1 Kb5 113. Rb1+ Kc4 114. Kc6 Kd4 1/2-1/2

[Event "November 21 Early 2023"]
[Site "https://www.chess.com"]
[Date "2023.11.21"]
[Round "6"]
[White "mind1mover"]
[Black "Aradhya, Garg"]
[Result "0-1"]
[Board "37"]
[TimeControl "180+1"]
[BlackFideId "25006746"]
[WhiteElo "2882"]
[BlackElo "2323"]
[BlackTeam "IND"]
[WhiteClock "0:00:00"]
[BlackClock "0:01:52"]

1. e4 e5 2. Nf3 Nc6 3. Bb5 a6 4. Bxc6 dxc6 5. d4 exd4 6. Qxd4 Qxd4 7. Nxd4 Bd7 8. Nc3 O-O-O 9. Be3 Bd6 10. O-O-O Ne7 11. f3 Rde8 12. g4 h5 13. h3 Ng6 14. Nde2 Ne5 15. f4 Nc4 16. Bd4 hxg4 17. b3 Ba3+ 18. Kb1 Nd6 19. Bxg7 Rxh3 20. Be5 f6 21. Bxf6 Nxe4 22. Be5 Nf2 23. Rxh3 gxh3 24. Rf1 h2 25. Ng3 Bc5 26. Nce4 Nxe4 27. Nxe4 Bg1 28. Ng3 Bh3 29. Re1 Bf2 30. Rh1 Bxg3 31. Kb2 Bg2 32. Ra1 h1=Q 33. Rxh1 Bxh1 34. a4 Bd5 35. c4 Be6 0-1

[Event "November 21 Early 2023"]
[Site "https://www.chess.com"]
[Date "2023.11.21"]
[Round "6"]
[White "Gokerkan, Cem Kaan"]
[Black "Hua, Lefong"]
[Result "1/2-1/2"]
[Board "38"]
[TimeControl "180+1"]
[WhiteFideId "6336760"]
[BlackFideId "2602253"]
[WhiteElo "2365"]
[BlackElo "2734"]
[WhiteTeam "TUR"]
[BlackTeam "CAN"]
[WhiteClock "0:01:02"]
[BlackClock "0:00:51"]

1. e4 c5 2. c3 Nf6 3. e5 Nd5 4. d4 cxd4 5. Bc4 Nb6 6. Bb3 d6 7. Nf3 Nc6 8. exd6 Qxd6 9. cxd4 Be6 10. O-O Bxb3 11. Qxb3 e6 12. Nc3 Be7 13. Rd1 O-O 14. d5 exd5 15. Nxd5 Nxd5 16. Rxd5 Qb4 17. Be3 Qxb3 18. axb3 Rfd8 19. Rb5 b6 20. g3 Bf6 21. Ra2 Na5 22. Kg2 Rac8 23. Nd2 Bd4 24. Bxd4 Rxd4 25. Nc4 1/2-1/2

[Event "November 21 Early 2023"]
[Site "https://www.chess.com"]
[Date "2023.11.21"]
[Round "6"]
[White "Galaktionov, Artem"]
[Black "Zakaryan, David"]
[Result "1/2-1/2"]
[Board "39"]
[TimeControl "180+1"]
[WhiteFideId "24175471"]
[BlackFideId "24101923"]
[WhiteElo "2367"]
[BlackElo "2323"]
[WhiteTeam "RUS"]
[BlackTeam "RUS"]
[WhiteClock "0:00:20"]
[BlackClock "0:00:13"]

1. d4 Nf6 2. Nf3 d5 3. c4 e6 4. Nc3 Bb4 5. cxd5 exd5 6. Bg5 h6 7. Bxf6 Qxf6 8. e3 O-O 9. Bd3 c6 10. O-O Bg4 11. h3 Bxf3 12. Qxf3 Nd7 13. Bf5 Nb6 14. Ne2 Bd6 15. Bd3 Qe7 16. Ng3 Bxg3 17. Qxg3 Nc8 18. Rae1 Nd6 19. f3 Rad8 20. Qf2 Qf6 21. Rd1 Rfe8 22. Rfe1 Re7 23. e4 dxe4 24. fxe4 Qxf2+ 25. Kxf2 Kf8 26. Rd2 c5 27. e5 Ne8 28. dxc5 Rd5 29. b4 a5 30. a3 axb4 31. axb4 Nc7 32. Red1 Red7 33. g4 Ke7 34. Ke3 Rxe5+ 35. Be4 Rxd2 36. Rxd2 g6 37. Kd4 Ke6 38. Bxb7 f5 39. gxf5+ gxf5 40. Kc4 f4 41. Rd6+ Kf5 42. Rxh6 Re1 43. Rh7 Rc1+ 44. Kb3 Nb5 45. Rf7+ Ke5 46. Ka4 Nd4 47. Ka5 Ra1+ 48. Kb6 Rb1 49. c6 Rxb4+ 50. Kc5 Rb2 51. c7 Ne6+ 52. Kc6 Rc2+ 53. Kb6 Rb2+ 54. Ka7 Nxc7 55. Rxc7 Rh2 56. Rh7 Kd4 57. Kb6 Ke3 58. Re7+ Kf2 59. Bc8 f3 60. Kc5 Kg3 61. Rg7+ Kf4 62. Rf7+ Ke3 63. Re7+ Kd3 64. Ba6+ Kd2 65. Bf1 Rh1 66. Bc4 Rxh3 67. Re4 f2 68. Re2+ Kc3 69. Rxf2 Rh5+ 70. Bd5 Rh3 71. Ra2 Re3 72. Bc6 Kb3 73. Bd5+ Kc3 74. Ra6 Kd2 75. Kd4 Rd3+ 76. Ke4 Rc3 77. Ra2+ Rc2 78. Ra3 Rc3 79. Ra2+ Rc2 80. Ra1 Rc1 81. Ra4 Re1+ 82. Kd4 Rc1 83. Ra2+ Rc2 84. Ra3 Rb2 85. Rh3 Kc2 86. Rh2+ Kc1 87. Rh1+ Kc2 88. Bc4 Kd2 89. Rh3 Kc2 90. Bd3+ Kd2 91. Kc4 Kc1 92. Kc3 Rc2+ 93. Kd4 Rb2 94. Ke3 Rb8 95. Rh1+ Kb2 96. Rb1+ Kc3 97. Rxb8 1/2-1/2